Map: Overgrown Facility

Players

BRANDONxLEE - Winner!

  • Race: Zerg Zerg
  • Spawn Location: 3:00

Owix - Winner!

  • Race: Zerg Zerg
  • Spawn Location: 1:00

MonstroTown

  • Race: Terran Terran
  • Spawn Location: 9:00

Michael

  • Race: Terran Terran
  • Spawn Location: 7:00

VOD

Have the link to the VOD?

Description

Time

  • Played on: Aug. 24, 2018, 9:24 p.m.
  • Length: 8:50
Show
View Real Time Build Order
Export as new Build Order

BRANDONxLEE Zerg - Winner!

Build Orders: Hatch First, Muta Ling Bane 

Get SALT Encoding   

  12  0:01  Drone  
  13  0:08  Drone  
  14  0:19  Overlord  
  14  0:25  Extractor  
  14  0:27  Extractor, Drone  
  13  0:29  Drone  
  16  0:37  Drone  
  17  0:44  Drone  
  18  1:05  Drone  
  19  1:11  Hatchery  
  18  1:21  Spawning Pool  
  18  1:24  Extractor  
  16  1:27  Drone x2  
  18  1:39  Drone  
  19  2:08  Queen  
  19  2:14  Zergling x2  
  21  2:56  Queen  
  23  3:07  Drone x3  
  23  3:10  Overlord  
  26  3:15  Overlord  
  26  3:18  Metabolic Boost  
  26  3:28  Drone x3  
  29  3:44  Drone x3, Baneling Nest  
  29  3:47  Drone x2  
  29  3:48  Drone  
  34  4:02  Extractor  
  33  4:06  Drone x4  
  37  4:21  Overlord  
  37  4:29  Overlord  
  37  4:30  Drone  
  37  4:31  Drone x5  
  40  4:32  Drone  
  40  4:36  Lair  
  44  4:40  Zergling x6  
  44  4:41  Zergling x2  
  44  4:44  Baneling x2  
  48  4:56  Spore Crawler  
  48  4:57  Hatchery  
  46  5:06  Spore Crawler  
  45  5:07  Spore Crawler  
  45  5:08  Zergling x12  
  50  5:15  Overlord x2  
  50  5:16  Overlord x2  
  50  5:20  Extractor x2  
  48  5:27  Zergling x2  
  48  5:28  Zergling x4  
  51  5:35  Spire  
  50  5:46  Overseer  
  50  5:48  Zergling x2  
  50  5:49  Zergling x18  
  43  6:15  Zergling x2  
  43  6:16  Zergling x14  
  51  6:21  Queen  
  48  6:44  Baneling  
  48  6:45  Baneling x5  
  48  6:46  Zergling x4  
  48  6:47  Zergling x8  
  54  6:48  Baneling x4  
  54  7:00  Extractor  
  53  7:02  Extractor  
  52  7:09  Mutalisk x3  
  58  7:17  Zergling x2  
  58  7:18  Zergling x6  
  58  7:22  Centrifical Hooks  
  62  7:40  Drone x4  
  60  7:53  Zergling x6  
  60  7:54  Zergling x2  
  61  7:59  Zergling x6  
  59  8:10  Mutalisk x2  
  59  8:27  Zergling x4  
  59  8:28  Zergling x10  
Show
View Real Time Build Order
Export as new Build Order

Owix Zerg - Winner!

Build Orders: Hatch First 

Get SALT Encoding   

  12  0:01  Drone  
  13  0:14  Drone  
  14  0:22  Overlord  
  14  0:33  Extractor  
  14  0:34  Extractor, Drone  
  14  0:35  Drone  
  14  0:41  Drone  
  17  0:47  Drone  
  18  0:57  Drone  
  19  1:07  Hatchery  
  18  1:18  Drone  
  18  1:20  Spawning Pool  
  18  1:27  Drone  
  20  1:32  Drone  
  20  1:38  Extractor  
  19  1:44  Drone  
  20  1:51  Overlord  
  20  2:07  Overlord  
  20  2:09  Queen  
  22  2:19  Queen  
  24  2:24  Drone x3  
  24  2:27  Extractor  
  26  2:44  Metabolic Boost  
  26  3:02  Drone x6  
  32  3:18  Overlord  
  32  3:28  Spine Crawler  
  32  3:30  Spine Crawler  
  32  3:33  Drone x9  
  39  3:43  Evolution Chamber  
  39  3:45  Evolution Chamber  
  37  3:52  Roach Warren  
  36  3:55  Extractor  
  36  3:58  Extractor  
  34  4:03  Overlord  
  34  4:06  Drone x3  
  34  4:07  Drone x3  
  40  4:13  Lair  
  40  4:17  Drone  
  41  4:26  Zerg Missile Weapons Level 1  
  41  4:28  Zerg Ground Armor Level 1  
  41  4:34  Drone x2  
  41  4:35  Drone  
  44  4:51  Drone x3  
  47  4:53  Roach x3  
  47  4:54  Roach  
  55  5:06  Roach  
  59  5:07  Roach  
  59  5:12  Glial Reconstitution  
  59  5:38  Drone  
  59  5:40  Overlord  
  59  5:41  Overlord x3  
  60  5:44  Overseer  
  60  5:48  Overlord x2  
  60  6:00  Roach  
  60  6:01  Roach x5  
  72  6:10  Roach x6  
  80  6:28  Roach  
  80  6:29  Roach x2  
  86  6:37  Hatchery  
  85  6:44  Roach x7  
  99  6:51  Ravager x3  
  99  6:52  Ravager x5  
  99  6:53  Ravager  
  100  7:17  Roach  
  100  7:18  Roach x3  
Show
View Real Time Build Order
Export as new Build Order

MonstroTown Terran 

Build Orders: Reaper Expand 

Get SALT Encoding   

  12  0:01  SCV  
  13  0:14  SCV  
  14  0:18  Supply Depot  
  14  0:26  SCV  
  15  0:40  SCV  
  15  0:42  Barracks  
  16  0:46  Refinery  
  16  0:52  SCV  
  17  1:04  SCV  
  18  1:16  SCV  
  19  1:33  Reaper  
  19  1:36  Command Center  
  20  1:44  Orbital Command  
  20  2:08  Factory  
  20  2:11  SCV  
  21  2:20  Barracks Tech Lab  
  21  2:24  Supply Depot  
  21  2:25  SCV  
  22  3:00  SCV  
  22  3:02  Orbital Command  
  22  3:03  Marine  
  23  3:17  Stimpack  
  23  3:20  SCV  
  23  3:21  Marine, Factory Tech Lab  
  25  3:29  SCV, Barracks  
  25  3:31  Barracks  
  25  3:32  SCV  
  27  3:41  SCV  
  28  4:00  SCV, Supply Depot  
  28  4:01  SCV  
  30  4:06  Siege Tank  
  33  4:10  Refinery  
  33  4:13  SCV  
  33  4:15  Barracks  
  34  4:17  SCV  
  34  4:18  Engineering Bay  
  34  4:19  Engineering Bay  
  35  4:25  SCV  
  35  4:28  Barracks Reactor x2  
  35  4:29  SCV  
  37  4:38  SCV  
  38  4:40  Refinery  
  38  4:41  SCV  
  38  4:42  Refinery  
  38  4:43  Marauder  
  41  4:50  SCV  
  42  4:53  SCV  
  43  5:02  SCV  
  44  5:10  SCV, Supply Depot  
  44  5:11  Marine x4  
  44  5:12  Barracks Reactor  
  44  5:13  Siege Tank  
  53  5:14  SCV  
  53  5:22  SCV  
  53  5:24  Starport  
  54  5:32  SCV  
  55  5:50  Marine  
  55  5:51  Marauder, Marine x4  
  61  6:10  Marine x2  
  61  6:11  Marine x2  
  65  6:12  Marauder  
  65  6:15  Marine  
  65  6:16  Marine  
  67  6:27  Siege Tank  
  67  6:29  Marine  
  70  6:33  Supply Depot  
  70  6:34  Supply Depot  
  70  6:35  Supply Depot  
  70  6:37  Medivac, Marine x3  
  75  6:41  Marine x3  
  78  6:58  Marine x4  
  78  6:59  Barracks x2  
  78  7:00  Barracks  
  82  7:04  Command Center  
  70  7:20  Marine  
  70  7:21  Marine x6  
  77  7:23  Siege Tank  
  77  7:24  Starport Reactor  
  77  7:38  Marine x2  
  54  8:00  Marine x3  
Show
View Real Time Build Order
Export as new Build Order

Michael Terran 

Build Orders:  

Get SALT Encoding   

  12  0:01  SCV  
  13  0:13  SCV  
  14  0:19  Supply Depot  
  14  0:25  SCV  
  15  0:40  SCV  
  16  0:44  Barracks  
  16  0:52  SCV  
  16  0:56  Refinery  
  17  1:04  SCV  
  18  1:16  SCV  
  19  1:29  SCV  
  20  1:32  Command Center  
  20  1:43  Orbital Command  
  20  1:51  Supply Depot  
  20  1:55  Reaper  
  21  2:16  SCV  
  21  2:21  Refinery  
  22  2:25  Barracks  
  22  2:28  SCV  
  23  2:35  Factory  
  23  2:40  SCV  
  24  2:55  Barracks Reactor  
  24  2:59  Supply Depot  
  24  3:09  SCV  
  24  3:11  Orbital Command  
  25  3:16  Barracks Tech Lab  
  25  3:18  Factory Reactor  
  25  3:22  Barracks  
  25  3:23  Supply Depot  
  25  3:24  SCV  
  26  3:36  SCV  
  26  3:38  Stimpack  
  27  3:41  SCV  
  28  3:49  SCV  
  28  3:53  SCV  
  30  3:55  Engineering Bay  
  30  4:00  Marine  
  30  4:01  SCV, Marauder  
  34  4:03  Marine  
  34  4:06  SCV  
  36  4:18  Bunker, Marine  
  36  4:23  Marine  
  39  4:25  Marine  
  39  4:30  Barracks Reactor  
  39  4:33  Widow Mine  
  39  4:34  Widow Mine  
  39  4:35  Marine  
  44  4:40  SCV x2, Marine  
  44  4:43  Marauder  
  49  4:46  Terran Infantry Weapons Level 1  
  49  4:52  SCV x2  
  51  4:55  Widow Mine x2, Starport  
  55  5:04  Marine  
  55  5:05  Marine x2  
  58  5:07  Marine  
  58  5:09  Marine  
  60  5:22  Marine x2  
  62  5:30  Armory  
  62  5:36  Supply Depot  
  62  5:41  Supply Depot x2  
  62  5:52  Marine  
  62  5:55  Marine  
  62  5:56  Cyclone  
  61  6:03  Supply Depot  
  49  6:10  Marine x3  
  49  6:11  Marine  
  53  6:13  Starport Reactor, Marine  
  56  6:18  Hellbat  
  54  6:28  Marine x4  
  54  6:30  Marine  
  55  6:33  SCV x2  
  56  6:44  Refinery  
  56  6:45  SCV x2  
  56  6:46  Refinery, Marine x3  
  61  6:57  SCV x2  
  61  7:00  Marine  
  61  7:01  Marine  
  65  7:03  Hellbat x2  
  65  7:04  Marine x2  
  65  7:05  Medivac  
  73  7:09  SCV x2  
  66  7:17  Marine  
  66  7:18  Marine x2  
  66  7:21  SCV x2, Marine x2  
  73  7:23  Medivac  
  75  7:33  SCV  
  75  7:34  Marine  
  75  7:36  Marine x2  
  70  7:39  Marine x2  
  62  7:52  Marine  
  62  7:54  Marine x2  
  62  7:57  Marine x2  
  57  8:10  Marine  
  57  8:12  Marine x2  
  57  8:15  Marine x2  
  53  8:28  Marine  
  53  8:29  Marine  
  53  8:30  Marine  
Tags
 
Add a new tag
Caveats
  • Supply blocks, unpowered buildings, or Contaminate may cause inaccurate times.
  • Supply counts are checked every 10 seconds.